 Dungeon Crawl Stone Soup version 0.30.1-11-g7821555f0a (webtiles) character file.

Game seed: 12735315122121493102

5597 Peloso the Carver (level 10, -1/90 HPs)
             Began as a Minotaur Fighter on Oct 31, 2023.
             Was a Believer of Okawaru.
             Shot with an arrow by a centaur warrior (11 damage)
             ... on level 9 of the Dungeon.
             The game lasted 00:14:08 (8649 turns).

Peloso the Carver (Minotaur Fighter)                Turns: 8649, Time: 00:14:09

Health: -1/90      AC: 13    Str: 21    XL:     10   Next: 45%
Magic:  9/9        EV: 10    Int:  5    God:    Okawaru [**....]
Gold:   530        SH:  7    Dex: 20    Spells: 9/9 levels left

rFire   . . .        a - +0 long sword (holy)
rCold   . . .        d - +0 buckler
rNeg    . . .        j - +0 chain mail
rPois   .            (helmet restricted)
rElec   .            (no cloak)
rCorr   .            r - +0 pair of gloves
SInv    .            (no boots)
Will    .....        (no amulet) Stlth
                     y - +6 ring of dexterity
HPRegen 0.35/turn    (no ring)
MPRegen 0.11/turn

%: no passive effects
@: no status effects
A: horns 2, retaliatory headbutt
a: Renounce Religion, Heroism


You were on level 9 of the Dungeon.
You worshipped Okawaru.
Okawaru was pleased with you.
You visited 2 branches of the dungeon, and saw 10 of its levels.

You collected 598 gold pieces.
You spent 68 gold pieces at shops.

Inventory:

Hand Weapons
 a - a +0 long sword of holy wrath (weapon)
 b - a +0 long sword
Missiles
 C - a throwing net (quivered)
Armour
 c - a +0 scale mail
 d - a +0 buckler (worn)
 j - a +0 chain mail (worn)
 r - a +0 pair of gloves (worn)
Jewellery
 y - a +6 ring of dexterity (left hand)
 G - a ring of see invisible
Wands
 s - a wand of flame (35)
 H - a wand of iceblast (9)
 I - a wand of paralysis (3)
Scrolls
 e - 2 scrolls of blinking
 f - a scroll of silence
 h - 2 scrolls of magic mapping {unknown}
 k - 2 scrolls of poison {unknown}
 l - 2 scrolls of teleportation
 m - a scroll of fear
 n - a scroll of immolation
 t - 2 scrolls of enchant weapon {unknown}
 u - 3 scrolls of identify
 v - a scroll of amnesia {unknown}
 w - a scroll of enchant armour
 A - a scroll of summoning
 B - a scroll of vulnerability {unknown}
 F - a scroll of fog {unknown}
Potions
 g - 3 potions of haste
 i - a potion of mutation
 o - a potion of ambrosia {unknown}
 p - 4 potions of curing
 q - 2 potions of might
 z - 2 potions of lignification {unknown}
 D - a potion of invisibility {unknown}
 E - 2 potions of brilliance {unknown}


   Skills:
 + Level 8.5 Fighting
 + Level 11.6 Long Blades
 + Level 10.6 Armour
 + Level 3.5 Dodging
 + Level 1.2 Stealth
 + Level 7.5 Shields
 + Level 0.2 Invocations


You had 9 spell levels left.
You didn't know any spells.
Your spell library contained the following spells:

 Spells                   Type           Power      Damage    Failure   Level
 Apportation              Tloc           0%         N/A       97%         1
 Magic Dart               Conj           0%         1d3       97%         1
 Necrotise                Necr           0%         1d4       97%         1
 Blink                    Tloc           0%         N/A       99%         2
 Cigotuvi's Dreadful Rot  Necr/Pois/Air  0%         N/A       99%         2
 Lesser Beckoning         Tloc           0%         N/A       99%         2
 Momentum Strike          Conj/Tloc      0%         3d8       99%         2
 Searing Ray              Conj           0%         2d4       99%         2
 Static Discharge         Conj/Air       0%         2-2/arc   99%         2
 Airstrike                Air            0%         2d(0-16)  100%        4
 Dispel Undead            Necr           0%         3d6       100%        4
 Fulminant Prism          Conj/Hex       0%         3d5       100%        4
 Iskenderun's Battlesphe  Conj           0%         2d6       100%        5
 Iron Shot                Conj/Erth      0%         9d1       100%        6
 Summon Small Mammal      Summ           Unusable   N/A       N/A         1
 Summon Lightning Spire   Summ/Air       Unusable   N/A       N/A         4
 Death Channel            Necr           Unusable   N/A       N/A         6
 Malign Gateway           Summ/Tloc      Unusable   N/A       N/A         7
 Spellforged Servitor     Conj/Summ      Unusable   N/A       N/A         7
 Summon Horrible Things   Summ           Unusable   N/A       N/A         8

Dungeon Overview and Level Annotations

Branches:
Dungeon (9/15)             Temple (1/1) D:7
   Lair: D:8-11         Orc: D:9-12

Altars:
Ashenzari
Cheibriados
Dithmenos
Elyvilon
Fedhas
Gozag
Hepliaklqana
Kikubaaqudgha
Makhleb
Nemelex Xobeh
Okawaru
Ru
Trog
Uskayaw
Wu Jian
Yredelemnul
The Shining One

Shops:
D:3 *=?:[

Annotations:
D:7 2 transporters, kalagan's ghost, amateur DECj


Innate Abilities, Weirdness & Mutations

You have a pair of horns on your head.
You reflexively headbutt those who attack you in melee.


Message History

Things that are here:
a +0 falchion; a +0 robe You start resting.
HP restored.
A shadow comes into view.
The shadow slips into darkness.
The shadow flickers and vanishes!
Deactivating autopickup; reactivate with Ctrl-A.
A centaur warrior comes into view. It is wielding a +0 dagger.
The centaur warrior moves out of view.
The centaur warrior shouts!
The centaur warrior unwields a +0 dagger.
The centaur warrior wields a +0 longbow.
The centaur warrior shoots an arrow.
The arrow hits you but does no damage.
The centaur warrior shoots an arrow.
The arrow closely misses you.
You see here 12 gold pieces.
You hit something.
An acid dragon comes into view.
The shadow strikes at you from the darkness!
Reactivating autopickup.
The centaur warrior shoots an arrow.
The arrow hits you!!
You hit the shadow.
The shadow convulses.
You headbutt the shadow, but do no damage.
The shadow is moderately damaged.
The centaur warrior shoots an arrow.
The arrow hits you!!
* * * LOW HITPOINT WARNING * * *
Unknown command.
You closely miss the shadow.
The shadow is moderately damaged.
The shadow hits you!
* * * LOW HITPOINT WARNING * * *
The centaur warrior shoots an arrow.
The arrow hits you!
* * * LOW HITPOINT WARNING * * *
You hit the shadow.
The shadow convulses.
You headbutt the shadow!
The shadow is almost destroyed.
The shadow slips into darkness.
The shadow flickers and vanishes!
Deactivating autopickup; reactivate with Ctrl-A.
The centaur warrior shoots an arrow.
The arrow hits you!
You die...

#..........# #..#
#..........### #..#
.#####............#
###..#
../...............#
###....#
...........##..#..#
##......#
.....)รท######..#..#
##...#####
...####)## #...##.#
##..### ###
##)###...##{#
##...##
#..#(##....@.#
#.....##
###.#$#....###
#...#...##### #.
#....##
##..###....... ##
#...D. #..# ##......
#.c.... #..# #...##.
#....... #..#
#..####
#.....[..##..#
#..#### #.......
#..# #...##. #..##
##......


You could see a centaur warrior and an acid dragon.

Vanquished Creatures
  A cyclops (D:9)
  A troll (D:9)
  Grinder (D:3)
  A hornet (D:8)
  Sigmund (D:6)
  A vampire (D:9)
  3 wyverns
  5 yaks
  2 steam dragons
  Edmund (D:6)
  2 water moccasins
  2 black bears
  An orc warrior (D:6)
  An ice beast (D:7)
  A sky beast (D:6)
  A centaur (D:7)
  2 phantoms (D:5)
  4 kobold brigands
  4 bullfrogs
  A scorpion (D:5)
  9 wights
  A killer bee (D:8)
  4 howler monkeys (D:9)
  2 jellies
  3 orc priests
  A hound (D:5)
  3 iguanas
  2 sleepcaps (D:8)
  4 orc wizards
  4 gnolls (D:8)
  10 adders
  A shadow imp (D:6)
  2 ufetubi (D:5)
  2 worms (D:2)
  2 dart slugs
  18 orcs
  6 endoplasms
  2 giant cockroaches
  5 goblins
  3 hobgoblins (D:1)
  7 jackals
  2 quokkas
  12 ball pythons
  2 bats
  A frilled lizard (D:1)
  28 kobolds
  4 rats
176 creatures vanquished.

Notes
Turn   | Place    | Note
-------+----------+-------------------------------------------
     0 | D:1      | Peloso the Minotaur Fighter began the quest for the Orb.
     0 | D:1      | Reached XP level 1. HP: 19/19 MP: 0/0
   327 | D:1      | Reached XP level 2. HP: 25/27 MP: 1/1
   637 | D:1      | Reached skill level 3 in Long Blades
  1238 | D:2      | Reached XP level 3. HP: 32/33 MP: 2/2
  1508 | D:2      | Found a white marble altar of Elyvilon.
  1960 | D:3      | Found a transporter.
  1962 | D:3      | Found Oshroadui's General Store.
  1965 | D:3      | Found a transporter.
  1970 | D:3      | Bought a scroll of fear for 40 gold pieces
  2041 | D:3      | Found Vykhiarch's Antique Armour Shoppe.
  2087 | D:3      | Found a hazy altar of Hepliaklqana.
  2233 | D:3      | Found Furatavyhi's Book Emporium.
  2259 | D:3      | Reached XP level 4. HP: 40/40 MP: 3/3
  2304 | D:3      | Found a sparkling altar of Nemelex Xobeh.
  2323 | D:3      | Noticed Grinder
  2329 | D:3      | Killed Grinder
  2330 | D:3      | Reached skill level 5 in Long Blades
  2330 | D:3      | Reached skill level 5 in Armour
  2330 | D:3      | Reached skill level 1 in Dodging
  2330 | D:3      | Reached XP level 5. HP: 27/47 MP: 4/4
  2330 | D:3      | Reached XP level 6. HP: 30/53 MP: 5/5
  2444 | D:3      | Found Zerriblis's Jewellery Shop.
  2445 | D:3      | Found Nateps's Magic Scroll Emporium.
  2463 | D:3      | Bought a scroll of identify for 28 gold pieces
  3099 | D:4      | Found a burning altar of Makhleb.
  3324 | D:5      | Entered Level 5 of the Dungeon
  3463 | D:5      | Reached skill level 5 in Fighting
  3463 | D:5      | Reached skill level 6 in Long Blades
  3555 | D:5      | Reached XP level 7. HP: 55/61 MP: 6/6
  4347 | D:6      | Reached skill level 7 in Long Blades
  4348 | D:6      | Noticed Edmund
  4369 | D:6      | Killed Edmund
  4651 | D:6      | Reached XP level 8. HP: 60/70 MP: 7/7
  4839 | D:6      | Reached skill level 8 in Long Blades
  4839 | D:6      | Reached skill level 5 in Shields
  5170 | D:6      | Noticed Sigmund
  5413 | D:6      | Killed Sigmund
  5559 | D:7      | Found a blossoming altar of Fedhas.
  5773 | D:6      | Reached skill level 9 in Long Blades
  5773 | D:6      | Reached skill level 1 in Stealth
  5903 | D:7      | Reached XP level 9. HP: 74/78 MP: 8/8
  6108 | D:7      | Found a staircase to the Ecumenical Temple.
  6139 | Temple   | Entered the Ecumenical Temple
  6158 | Temple   | Became a worshipper of Warmaster Okawaru
  6333 | D:7      | Found a transporter.
  6336 | D:7      | Found a transporter.
  6337 | D:7      | Noticed kalagan's ghost (amateur DECj)
  6371 | D:7      | Reached skill level 10 in Long Blades
  6833 | D:8      | Found a hide-covered altar of Uskayaw.
  6855 | D:8      | Reached * piety under Okawaru
  6962 | D:8      | Paralysed by a hornet for 2 turns
  7417 | D:8      | Reached ** piety under Okawaru
  7418 | D:8      | Reached XP level 10. HP: 85/86 MP: 9/9
  7523 | D:8      | Found a glowing golden altar of the Shining One.
  7603 | D:8      | Found an ancient bone altar of Kikubaaqudgha.
  7628 | D:8      | Reached skill level 11 in Long Blades
  8295 | D:9      | Reached skill level 10 in Armour
  8409 | D:9      | Noticed a cyclops
  8418 | D:9      | Killed a cyclops
  8639 | D:9      | Noticed a centaur warrior
  8649 | D:9      | Shot with an arrow by a centaur warrior

Illustrated notes

Levels and vault maps discovered:
D:1:      minmay_arrival_up_and_down, layout_basic,
          chequers_serial_rivers_micro_c
D:2:      layout_loops_ring, basic_altar, minmay_box_of_dots
D:3:      layout_rooms, mainiacjoe_overflow_brackets,
          nemelex_xobeh_ov_fountains_minmay, serial_shops, shop,
          nicolae_shop_drivethru, shop, shop, shop_statue, uniq_grinder
D:4:      layout_loops_ring, mainiacjoe_overflow_alcove_4
D:5:      layout_loops_cross, kennysheep_generic_room_10
D:6:      layout_rooms, uniq_sigmund, uniq_edmund
D:7:      layout_cave_pools, fedhas_altar_2, minmay_temple_entry_waves,
          gammafunk_ghost_smash
D:8:      layout_basic, mainiacjoe_overflow_cross_hatched,
          eat_drink_and_be_merry_uskayaw, amcnicky_altar_gilded,
          eino_small_chamber_without_monster, kennysheep_diamond,
          minmay_liquid_box
D:9:      minmay_ornate_pinched, layout_rooms, zin_angel, nicolae_sextant,
          serial_bayou_pond_e
Temple:   minmay_temple_bridge_abc

Skill      XL: |  1  2  3  4  5  6  7  8  9 10 |
---------------+-------------------------------+-----
Long Blades    | 3 5 6 7 9 10 11 | 11.6
Fighting       | 4 5 6 7 8 |  8.5
Armour         | 4 5 7 8 9 10 | 10.6
Shields        | 4 5 7 |  7.5
Dodging        | 1 2 3 |  3.5
Stealth        | 1 |  1.2
Invocations    | |  0.2

Action                     |  1- 3 |  4- 6 |  7- 9 | 10-12 || total
---------------------------+-------+-------+-------+-------++-------
  Melee: Long sword        |   104 |    71 |   307 |    84 ||   566
         Headbutt          |     8 |    13 |    59 |    30 ||   110
 Invoke: Heroism           |       |       |       |     3 ||     3
    Use: Potion            |     3 |       |     1 |     1 ||     5
         Scroll            |       |     3 |     6 |       ||     9
 Armour: Scale mail        |    51 |     3 |       |       ||    54
         Chain mail        |       |    28 |   155 |    31 ||   214
  Dodge: Dodged            |    42 |    16 |   130 |    30 ||   218
  Block: Buckler           |    27 |    15 |    93 |    27 ||   162
